 Dungeon Crawl Stone Soup version 0.25-a0-35-g747a2b3c0c (webtiles) character file.

Game seed: 4434838478625475317, levelgen mode: deterministic

10729 Zirayn the Basher (level 11, -14/95 HPs)
             Began as a Minotaur Fighter on Oct 19, 2019.
             Was a High Priest of Okawaru.
             Demolished by a two-headed ogre
             ... wielding a +0 giant spiked club
              (22 damage)
             ... on level 11 of the Dungeon.
             The game lasted 00:39:39 (8735 turns).

Zirayn the Basher (Minotaur Fighter)                Turns: 8735, Time: 00:39:40

Health: -14/95     AC: 10    Str: 23 (24) XL:     11   Next: 40%
Magic:  9/11       EV: 16    Int:  6 (9)  God:    Okawaru [*****.]
Gold:   679        SH: 15    Dex: 10 (12) Spells: 10/10 levels left

rFire    . . .     SeeInvis .   z - +2 flail "Dehac" {crush, -Tele rElec rN+}
rCold    + + .     Gourm    .   c - +1 shield
rNeg     + + .     Faith    .   t - +0 ring mail "Rod Gex" {rC+ rN+ rCorr Int+4}
rPois    +         Spirit   .   J - +0 hat
rElec    +         Reflect  .   (no cloak)
rCorr    +         Harm     .   (no gloves)
MR       .....     NoTele   +   (no boots)
Stlth    +++.......             k - amulet of rage
HPRegen  0.00/turn              u - ring of poison resistance
MPRegen  0.12/turn              I - ring of protection from cold

@: heroism
A: retaliatory headbutt, horns 2, molten scales 1, agile 1, inhibited
regeneration
a: Heroism, Finesse, Renounce Religion, Evoke Berserk Rage


You were on level 11 of the Dungeon.
You worshipped Okawaru.
Okawaru was extremely pleased with you.
You were not hungry.

You visited 2 branches of the dungeon, and saw 12 of its levels.
You also visited: Ossuary.

You collected 679 gold pieces.

Inventory:

Hand Weapons
 z - the +2 flail "Dehac" (weapon) {crush, -Tele rElec rN+}
   (You took it off an orc warrior on level 8 of the Dungeon)

   It inflicts extra damage upon your enemies.
   It insulates you from electricity.
   It protects you from negative energy.
   It prevents most forms of teleportation.
Armour
 c - a +1 shield (worn)
 t - the +0 ring mail "Rod Gex" (worn) {rC+ rN+ rCorr Int+4}
   (You found it on level 4 of the Dungeon)

   It affects your intelligence (+4).
   It protects you from cold.
   It protects you from negative energy.
   It provides partial protection from all sources of acid and corrosion.
 J - a +0 hat (worn)
Jewellery
 g - a +3 ring of dexterity
 k - an amulet of rage (around neck)
 r - an uncursed ring of poison resistance
 u - a ring of poison resistance (left hand)
 I - a ring of protection from cold (right hand)
Scrolls
 h - 7 scrolls of teleportation
 l - 4 scrolls of fear
 n - 11 scrolls of remove curse
 q - 4 scrolls of identify
 s - 2 scrolls of enchant armour
 w - 2 scrolls of amnesia
 D - a scroll of enchant weapon
Potions
 d - 3 potions of might
 e - 2 potions of resistance
 j - 2 potions of heal wounds
 m - 2 potions of ambrosia
 p - 4 potions of curing
 A - a potion of magic
 B - a potion of agility
 E - a potion of haste
 F - a potion of lignification
 K - a potion of invisibility
Comestibles
 a - 9 chunks of flesh
 f - 9 rations


   Skills:
 + Level 8.9(13.9) Fighting
 + Level 13.3(18.3) Maces & Flails
 + Level 8.3(13.3) Armour
 + Level 6.7(11.7) Dodging
 + Level 2.0(7.0) Stealth
 + Level 9.7(14.7) Shields
 + Level 2.2 Invocations
 + Level 1.6 Evocations


You had 10 spell levels left.
You didn't know any spells.
Your spell library contained the following spells:

 Spells                   Type           Power        Failure   Level  Hunger
 Animate Skeleton         Necr           N/A          58%         1    ##.....
 Apportation              Tloc           #.....       58%         1    ##.....
 Confusing Touch          Hex            #.....       58%         1    ##.....
 Corona                   Hex            #......      58%         1    ##.....
 Infusion                 Chrm           #...         58%         1    ##.....
 Summon Small Mammal      Summ           #...         58%         1    ##.....
 Ensorcelled Hibernation  Hex/Ice        #.....       73%         2    ###....
 Shroud of Golubria       Chrm/Tloc      #.....       73%         2    ###....
 Song of Slaying          Chrm           #.......     73%         2    ###....
 Confuse                  Hex            #.......     91%         3    ####...
 Dazzling Spray           Conj/Hex       #.....       91%         3    ####...
 Regeneration             Chrm/Necr      #.........   91%         3    ####...
 Spectral Weapon          Hex/Chrm       #.......     91%         3    ####...
 Tukima's Dance           Hex            #.......     91%         3    ####...
 Bolt of Magma            Conj/Fire/Erth #.........   100%        5    ######.
 Iskenderun's Battlesphe  Conj/Chrm      #.......     100%        5    ######.
 Venom Bolt               Conj/Pois      #.........   100%        5    ######.
 Iron Shot                Conj/Erth      #.........   100%        6    #######
 Orb of Destruction       Conj           #.........   100%        7    #######
 Spellforged Servitor     Conj/Summ      #.........   100%        7    #######


Dungeon Overview and Level Annotations

Branches:
Dungeon (11/15)            Temple (1/1) D:4            Lair (0/6) D:9
    Orc (0/2) D:11        Ossuary (visited)

Altars:
Cheibriados
Dithmenos
Elyvilon
Fedhas
Gozag
Kikubaaqudgha
Makhleb
Nemelex Xobeh
Okawaru
Qazlal
Ru
Sif Muna
Trog
Uskayaw
Vehumet
Wu Jian
Xom
Yredelemnul
Zin
The Shining One
Beogh

Shops:
D:5 [[*[*   D:6 ?   D:9 =


Innate Abilities, Weirdness & Mutations

You reflexively headbutt those who attack you in melee.
You have a pair of horns on your head.
You are partially covered in molten scales. (AC +2)
You are agile. (Dex +2)
You do not regenerate when monsters are visible.


Message History

This raw flesh tastes terrible.
Found an escape hatch in the floor.
You open the door.
There is an open door here.
A two-headed ogre comes into view.
It is wielding two +0 giant spiked clubs.
You gain the combat prowess of a mighty hero.
You hit the two-headed ogre.
The two-headed ogre is lightly wounded.
You hit the two-headed ogre.
The two-headed ogre is lightly wounded.
You block the two-headed ogre's attack.
The two-headed ogre hits you with a +0 giant spiked club!
You hit the two-headed ogre. You headbutt the two-headed ogre!
The two-headed ogre is moderately wounded.
You hit the two-headed ogre.
The two-headed ogre is moderately wounded.
The two-headed ogre hits you with a +0 giant spiked club!!
* * * LOW HITPOINT WARNING * * *
The two-headed ogre hits you with a +0 giant spiked club!!
You die...

#..+.....+,,,,,,,,*,,,
#..#.....#,,,,,,,,*,,,
#..#.....#,,,,,,,,**,,
#..#.....#,,,,,,,,,*,,
####..#.....#.........#,,
#.....#.....#>........+,,
#.....'.....#.........#,,
###.^...#######.........#,,
#.........@>............+,,
#....######O............#,,
#....# *.######......#,,
#....# *.#,,,,+....<.###
#....# *.#,,,,#.........
#....######.#,,,,#......###
###.........##+###.!....#
#...........<.........#
#..รทรท.................#


You could see a two-headed ogre.

Vanquished Creatures
  Harold (D:8)
  Erica (D:8)
  2 two-headed ogres
  The ghost of Ablot the Magician, a novice GnSk of Okawaru (D:8)
  The ghost of runewalsh the Covert, a novice OpWz of Vehumet (D:5)
  A gargoyle (D:9)
  A komodo dragon (D:10)
  2 hippogriffs
  A hornet (D:11)
  9 yaks
  A hungry ghost (D:10)
  Menkaure (D:6)
  A water moccasin (D:10)
  5 orc warriors
  2 phantoms (D:6)
  3 ice beasts
  2 sky beasts (D:9)
  3 centaurs
  4 ogres
  2 big kobolds
  A gnoll sergeant (D:6)
  2 bullfrogs
  5 scorpions
  5 howler monkeys
  3 crimson imps
  2 centaur zombies
  A bullfrog zombie (D:8)
  3 jellies
  3 hounds
  A human zombie (Ossuary)
  10 orc priests
  17 orc wizards
  Terence (D:2)
  3 worker ants
  5 mummies (Ossuary)
  A worker ant zombie (D:8)
  Robin (D:2)
  A howler monkey skeleton (D:8)
  4 gnolls (D:6)
  12 adders
  2 shadow imps
  An adder zombie (D:7)
  An adder skeleton (D:5)
  A worm (D:4)
  3 dart slugs
  5 leopard geckos
  63 orcs
  4 giant cockroaches
  12 goblins
  11 hobgoblins
  15 jackals
  A quokka (D:5)
  A ball python (D:3)
  7 bats
  8 frilled lizards
  2 goblin zombies (Ossuary)
  3 hobgoblin zombies (Ossuary)
  A jackal zombie (D:7)
  17 kobolds
  A kobold zombie (Ossuary)
  2 leopard gecko skeletons
  An orc zombie (Ossuary)
  9 rats
296 creatures vanquished.

Notes
Turn   | Place    | Note
-------+----------+-------------------------------------------
     0 | D:1      | Zirayn the Minotaur Fighter began the quest for the Orb.
     0 | D:1      | Reached XP level 1. HP: 19/19 MP: 0/0
   235 | D:1      | Reached XP level 2. HP: 27/27 MP: 1/1
   580 | D:1      | Reached XP level 3. HP: 32/33 MP: 2/2
   603 | D:1      | Reached skill level 3 in Maces & Flails
   710 | D:2      | Noticed Robin
   728 | D:2      | Killed Robin
   779 | D:2      | Reached XP level 4. HP: 36/40 MP: 3/3
   790 | D:2      | Noticed Terence
   805 | D:2      | Killed Terence
   906 | D:2      | Reached skill level 4 in Maces & Flails
   948 | D:2      | Found a snail-covered altar of Cheibriados.
  1008 | D:2      | You fall into a shaft and drop 1 floor!
  1132 | D:3      | Found a white marble altar of Elyvilon.
  1453 | D:2      | Reached XP level 5. HP: 47/47 MP: 4/4
  1999 | D:3      | Reached skill level 1 in Dodging
  2362 | D:4      | Reached skill level 5 in Shields
  2420 | D:4      | Found a staircase to the Ecumenical Temple.
  2429 | Temple   | Entered the Ecumenical Temple
  2707 | Temple   | Became a worshipper of Warmaster Okawaru
  2885 | D:4      | Reached skill level 5 in Maces & Flails
  2942 | D:4      | Reached XP level 6. HP: 49/53 MP: 5/5
  3043 | D:4      | Got a faintly glowing ring mail
  3054 | D:4      | Identified the cursed +0 ring mail "Rod Gex" {rC+ rN+ rCorr
                  | Int+4} (You found it on level 4 of the Dungeon)
  3448 | D:5      | Entered Level 5 of the Dungeon
  3448 | D:5      | Found Wostiema's General Store.
  3448 | D:5      | Found a runed translucent door.
  3448 | D:5      | Noticed runewalsh's ghost (novice OpWz)
  3489 | D:5      | Killed runewalsh's ghost
  3489 | D:5      | Reached * piety under Okawaru
  3489 | D:5      | Reached skill level 5 in Fighting
  3489 | D:5      | Reached skill level 6 in Maces & Flails
  3489 | D:5      | Reached XP level 7. HP: 61/61 MP: 6/6
  3518 | D:5      | Found Aquczuask's Antique Armour Emporium.
  3633 | D:5      | Found Vimomom's Armour Shop.
  3867 | D:5      | Found Irikueclar's Assorted Antiques.
  4008 | D:5      | Found Usiymu's Antique Armour Emporium.
  4096 | D:5      | Found a sacrificial altar of Ru.
  4158 | D:6      | Noticed Menkaure
  4165 | D:6      | Killed Menkaure
  4165 | D:6      | Reached skill level 7 in Maces & Flails
  4165 | D:6      | Reached XP level 8. HP: 62/68 MP: 4/7
  4187 | D:6      | Found Cuamaor's Magic Scroll Boutique.
  4220 | D:6      | Got a brightly glowing robe
  4409 | D:6      | Reached skill level 8 in Maces & Flails
  4467 | D:6      | Reached ** piety under Okawaru
  4962 | D:7      | Reached skill level 9 in Maces & Flails
  5004 | D:7      | Found a sand-covered staircase.
  5013 | Ossuary  | Entered an ossuary
  5056 | Ossuary  | Reached skill level 1 in Stealth
  5074 | Ossuary  | Reached XP level 9. HP: 66/75 MP: 8/8
  5544 | D:7      | Found a sparkling altar of Nemelex Xobeh.
  5679 | D:7      | Found a blossoming altar of Fedhas.
  6028 | D:8      | Noticed a two-headed ogre
  6057 | D:8      | Killed a two-headed ogre
  6057 | D:8      | Reached *** piety under Okawaru
  6057 | D:8      | Reached skill level 10 in Maces & Flails
  6292 | D:8      | Found a radiant altar of Vehumet.
  6294 | D:8      | Found an ancient bone altar of Kikubaaqudgha.
  6294 | D:8      | Found a burning altar of Makhleb.
  6295 | D:8      | Found a sacrificial altar of Ru.
  6295 | D:8      | Found a glowing golden altar of the Shining One.
  6338 | D:8      | Reached skill level 1 in Invocations
  6375 | D:8      | Reached skill level 5 in Dodging
  6397 | D:8      | Found a roughly hewn altar of Beogh.
  6456 | D:8      | Identified the +1 robe of Ryinecept {*Corrode +Blink Dex+4}
                  | (You found it on level 6 of the Dungeon)
  6496 | D:8      | Reached skill level 11 in Maces & Flails
  6502 | D:8      | Noticed Harold
  6523 | D:8      | Killed Harold
  6523 | D:8      | Reached **** piety under Okawaru
  6523 | D:8      | Reached skill level 1 in Evocations
  6523 | D:8      | Reached XP level 10. HP: 74/86 MP: 7/9
  6525 | D:8      | Found a runed translucent gate.
  6530 | D:8      | Found a runed translucent gate.
  6591 | D:8      | Found a runed translucent gate.
  6594 | D:8      | Noticed Ablot's ghost (novice GnSk)
  6617 | D:8      | Identified the +2 flail "Dehac" {crush, -Tele rElec rN+}
  6658 | D:8      | Noticed Erica
  6685 | D:8      | Killed Erica
  6883 | D:8      | Found a roughly hewn altar of Beogh.
  6905 | D:8      | Killed Ablot's ghost
  6905 | D:8      | Reached skill level 12 in Maces & Flails
  7054 | D:9      | Found Lahuga Ohyrgh's Jewellery Shop.
  7082 | D:9      | Noticed a +0 hand axe
  7083 | D:9      | Noticed a +0 hand axe
  7086 | D:9      | Found a hide-covered altar of Uskayaw.
  7098 | D:9      | Found a staircase to the Lair.
  7100 | D:9      | Noticed a gargoyle
  7107 | D:9      | Killed a gargoyle
  7390 | D:9      | Noticed a two-headed ogre
  7398 | D:9      | Killed a two-headed ogre
  7398 | D:9      | Reached ***** piety under Okawaru
  7415 | D:9      | Found an ornate altar of the Wu Jian Council.
  7525 | D:9      | Reached XP level 11. HP: 64/94 MP: 11/11
  7654 | D:10     | Entered Level 10 of the Dungeon
  8054 | D:10     | Reached skill level 13 in Maces & Flails
  8623 | D:11     | Gained mutation: You do not regenerate when monsters are
                  | visible. [potion of mutation]
  8623 | D:11     | Gained mutation: You are agile. (Dex +2) [potion of
                  | mutation]
  8623 | D:11     | Gained mutation: You are partially covered in molten
                  | scales. (AC +2) [potion of mutation]
  8730 | D:11     | Noticed a two-headed ogre
  8735 | D:11     | Demolished by a two-headed ogre

Levels and vault maps discovered:
D:1:      eino_arrival_druids_welcome, layout_basic, minmay_hexomino_p4
D:2:      layout_basic, cheibriados_altar_1, first_ration, uniq_robin,
          uniq_terence
D:3:      layout_basic, elyvilon_altar_5, grunt_ministairs_9
D:4:      layout_rooms, minmay_temple_entry_wispy, chequers_big_river
D:5:      layout_loops_cross, serial_shops, nicolae_shop_stone, shop, shop,
          kennysheep_little_box, kennysheep_mini_moat,
          hellmonk_ghost_happy_afterlife, nicolae_ru_the_path_less_chosen
D:6:      layout_loops_ring, serial_shops, shop, uniq_menkaure
D:7:      layout_basic, lemuel_crystal_altar, kennysheep_mini, enter_ossuary_1
D:8:      layout_basic, grunt_temple_overflow_open, biasface_ghost_orc_armoury,
          special_room [special_room_orc], uniq_harold, uniq_erica
D:9:      minmay_flawed_box, layout_loops_ring, nicolae_overflow_crystal_walls,
          dancing_weapons_uskayaw, serial_shops, shop_coins
D:10:     layout_basic
D:11:     gammafunk_jiyva_shrine, layout_irregular_city, david_orc_2,
          hellmonk_ghost_happy_afterlife
Temple:   minmay_temple_curvy_loop

Skill      XL: |  1  2  3  4  5  6  7  8  9 10 11 |
---------------+----------------------------------+-----
Shields        | 4 5 6 8 9 |  9.7
Armour         | 4 6 7 8 |  8.3
Maces & Flails | 3 4 5 6 7 9 11 12 13 | 13.3
Fighting       | 4 5 7 8 |  8.9
Dodging        | 1 2 3 4 5 6 |  6.7
Stealth        | 1 2 |  2.0
Invocations    | 1 2 |  2.2
Evocations     | 1 |  1.6

Action                   |  1- 3 |  4- 6 |  7- 9 | 10-12 || total
-------------------------+-------+-------+-------+-------++-------
Melee: Flail             |    88 |       |       |   191 ||   279
       Headbutt          |    13 |    27 |    63 |    57 ||   160
       Mace              |     2 |   170 |   330 |    65 ||   567
Invok: Heroism           |       |       |     8 |    11 ||    19
 Abil: Evoke Berserk Rag |       |     1 |     1 |     2 ||     4
  Use: Scroll            |       |     8 |       |    10 ||    18
       Potion            |       |     5 |       |     3 ||     8
  Eat: Chunk             |       |     4 |     5 |     7 ||    16
       Ration            |       |     2 |     1 |     1 ||     4
Armor: Scale mail        |    47 |    54 |       |       ||   101
       Ring mail         |       |     8 |    75 |    29 ||   112
Dodge: Dodged            |    18 |    54 |    98 |    66 ||   236
Block: Shield            |    53 |    71 |   154 |   115 ||   393

Table legend:
 A = Non-vault XP
 B = Vault XP
 C = Vault XP percentage of total XP
 D = Non-vault monster count
 E = Vault monster count
 F = Vault count percentage of total count
                 A         B        C        D         E       F
            +---------+---------+-------+---------+---------+-------
      Total |   10408 |    4920 |  32.1 |     214 |      82 |  27.7
            +---------+---------+-------+---------+---------+-------
        D:1 |      37 |       6 |  14.0 |      23 |       2 |   8.0
        D:2 |      65 |      70 |  51.9 |      27 |      12 |  30.8
        D:3 |      66 |      11 |  14.3 |      25 |       4 |  13.8
        D:4 |     167 |       0 |   0.0 |      10 |       0 |   0.0
        D:5 |     211 |     778 |  78.7 |      11 |       1 |   8.3
        D:6 |    1001 |     172 |  14.7 |      23 |       1 |   4.2
        D:7 |     646 |       0 |   0.0 |      16 |       0 |   0.0
        D:8 |    1816 |    3345 |  64.8 |      29 |      39 |  57.4
        D:9 |    2256 |     398 |  15.0 |      16 |      10 |  38.5
       D:10 |    2634 |       0 |   0.0 |      27 |       0 |   0.0
       D:11 |    1509 |       0 |   0.0 |       7 |       0 |   0.0
    Ossuary |       0 |     140 | 100.0 |       0 |      13 | 100.0
            +---------+---------+-------+---------+---------+-------
